 Dungeon Crawl Stone Soup version 0.30-a0-341-g682706514a (webtiles) character file.

Game seed: 6137619676769837868

562 Elric the Poker (level 7, -1/50 HPs)
             Began as a Merfolk Gladiator on Nov 2, 2022.
             Killed from afar by a white imp (7 damage)
             ... with a puff of frost
             ... on level 5 of the Dungeon.
             The game lasted 00:09:05 (3522 turns).

Elric the Poker (Merfolk Gladiator)                 Turns: 3522, Time: 00:09:05

Health: -1/50      AC:  4    Str: 17    XL:     7   Next: 31%
Magic:  7/7        EV: 13    Int:  7    God:
Gold:   100        SH:  0    Dex: 15    Spells: 6/6 levels left

rFire   . . .      SeeInvis .    n - +1 war axe (elec)
rCold   . . .      Faith    .    (no shield)
rNeg    . . .      Spirit   .    b - +0 leather armour
rPois   .          Reflect  .    c - +0 helmet
rElec   .          Harm     .    (no cloak)
rCorr   .          Rampage  .    (no gloves)
Will    .....                    (no boots)
Stlth   +.........               (no amulet)
HPRegen 0.28/turn                (no ring)
MPRegen 0.10/turn                (no ring)

@: flying
A: (nimble swimmer 2), mertail
a: no special abilities


You were on level 5 of the Dungeon.
You visited 1 branch of the dungeon, and saw 5 of its levels.

You collected 100 gold pieces.

Inventory:

Hand Weapons
 a - a +0 trident
 n - a +1 war axe of electrocution (weapon)
 w - a +0 mace
Missiles
 d - 5 throwing nets (quivered)
 e - a javelin
Armour
 b - a +0 leather armour (worn)
 c - a +0 helmet (worn)
Jewellery
 r - an amulet of reflection
Scrolls
 f - a scroll of acquirement {unknown}
 g - a scroll of torment {unknown}
 h - a scroll of fear {unknown}
 i - a scroll of brand weapon {unknown}
 k - 4 scrolls of identify {unknown}
 l - a scroll of poison {unknown}
 p - 3 scrolls of teleportation {unknown}
 s - a scroll of noise {unknown}
 v - a scroll of enchant weapon {unknown}
Potions
 j - a potion of lignification
 m - a potion of degeneration {unknown}
 o - 2 potions of brilliance {unknown}
 q - a potion of flight
 t - a potion of heal wounds {unknown}
 u - a potion of mutation {unknown}
 x - a potion of might {unknown}


   Skills:
 - Level 2.1 Fighting
 * Level 5.6(6.1) Axes
 - Level 5.8(8.1) Polearms
 - Level 2.0 Throwing
 - Level 4.0 Dodging


You had 6 spell levels left.
You didn't know any spells.
Your spell library contained the following spells:

 Spells                   Type           Power      Damage    Failure   Level
 Summon Small Mammal      Summ           0%         N/A       50%         1
 Cigotuvi's Dreadful Rot  Necr/Pois/Air  0%         N/A       65%         2
 Call Canine Familiar     Summ           0%         N/A       86%         3
 Summon Guardian Golem    Hex/Summ       0%         N/A       86%         3
 Dispel Undead            Necr           0%         3d6       99%         4
 Death Channel            Necr           0%         N/A       100%        6
 Orb of Destruction       Conj           0%         9d5       100%        7
 Spellforged Servitor     Conj/Summ      0%         N/A       100%        7


Dungeon Overview and Level Annotations

Branches:
Dungeon (5/15)
 Temple: D:4-7

Altars:
Elyvilon
Fedhas
Nemelex Xobeh
Xom
Yredelemnul


Innate Abilities, Weirdness & Mutations

((You are very nimble when in or above water. (Stealth+, EV+, Speed+++)))
Your lower body shifts to a powerful aquatic tail in water.


Message History

You barely miss the white imp. The white imp misses you.
The white imp closely misses you.
You completely miss the white imp.
The white imp is heavily wounded.
You barely miss the white imp. The white imp hits you.
The white imp freezes you.
* * * LOW HITPOINT WARNING * * *
The white imp gestures at you. The puff of frost hits you.
* * * LOW HITPOINT WARNING * * *
It was a potion of flight.
You feel very buoyant.
You fly up into the air.
The white imp closely misses you. The white imp hits you.
* * * LOW HITPOINT WARNING * * *
The white imp freezes you.
* * * LOW HITPOINT WARNING * * *
You feel better. The white imp barely misses you. x2
You hit the white imp.
The white imp is almost dead.
You closely miss the white imp. The white imp gestures at you.
The puff of frost hits you.
* * * LOW HITPOINT WARNING * * *
The white imp barely misses you.
You slash the white imp!
Lightning courses through the white imp!
You kill the white imp!
You closely miss the white imp. The white imp gestures at you.
The puff of frost hits you.
* * * LOW HITPOINT WARNING * * *
You closely miss the white imp. The white imp closely misses you.
The white imp barely misses you.
You hit the white imp but do no damage.
Lightning courses through the white imp!
The white imp is almost dead.
The white imp gestures at you. The puff of frost hits you!
You die...

#.# #####
#.##....#
#........ #......#
#...⌠..#.
#........ #
#.5....# #.
###@##..##.
####.###..........
...........######.
####.....#.#
.......<.#.#
.#######.#.# #.#.#
#.#.# #.#.#


You could see a white imp.

Vanquished Creatures
  A black bear (D:4)
  A necrophage (D:4)
  2 scorpions (D:4)
  3 orc wizards (D:4)
  6 gnolls
  7 adders
  2 white imps (D:5)
  An ufetubus (D:4)
  2 worms (D:4)
  2 dart slugs (D:1)
  8 orcs
  7 bats
  4 endoplasms
  5 giant cockroaches
  10 goblins
  7 hobgoblins
  4 quokkas
  6 ball pythons
  7 frilled lizards
  6 kobolds
  3 rats
94 creatures vanquished.

Notes
Turn   | Place    | Note
-------+----------+-------------------------------------------
     0 | D:1      | Elric the Merfolk Gladiator began the quest for the Orb.
     0 | D:1      | Reached XP level 1. HP: 16/16 MP: 1/1
   207 | D:1      | Reached XP level 2. HP: 17/22 MP: 2/2
   281 | D:1      | Reached skill level 5 in Polearms
   527 | D:1      | Reached XP level 3. HP: 27/27 MP: 3/3
  1044 | D:2      | HP: 1/27 [gnoll/+0 club (4)]
  1055 | D:2      | Reached skill level 1 in Axes
  1055 | D:2      | Reached XP level 4. HP: 4/33 MP: 4/4
  1553 | D:2      | You fall into a shaft and drop 1 floor!
  1573 | D:3      | Reached XP level 5. HP: 38/38 MP: 5/5
  1578 | D:3      | Found a shimmering altar of Xom.
  1578 | D:3      | Found a shimmering altar of Xom.
  1579 | D:3      | Found a shimmering altar of Xom.
  1676 | D:3      | Found a sparkling altar of Nemelex Xobeh.
  1971 | D:3      | Found a white marble altar of Elyvilon.
  2014 | D:3      | Found a blossoming altar of Fedhas.
  2141 | D:3      | Found a shimmering altar of Xom.
  2147 | D:3      | Found a shimmering altar of Xom.
  2149 | D:3      | Found a shimmering altar of Xom.
  2248 | D:3      | Found a faded altar of an unknown god.
  2400 | D:3      | Found a basalt altar of Yredelemnul.
  2655 | D:4      | Reached XP level 6. HP: 33/44 MP: 6/6
  3101 | D:4      | Reached skill level 5 in Axes
  3101 | D:4      | Reached XP level 7. HP: 49/50 MP: 7/7
  3505 | D:5      | Entered Level 5 of the Dungeon
  3522 | D:5      | Killed from afar by a white imp

Illustrated notes

Levels and vault maps discovered:
D:1:      dpeg_arrival_shrine, layout_basic
D:2:      layout_basic, basic_altar, uniq_crazy_yiuf_cottage
D:3:      layout_loops_corners, kennysheep_ying_yang, fedhas_ov_isle_minmay,
          nemelex_xobeh_ov_fountains_minmay, xom_redecorated,
          shapermc_ecumenical_altar_mp_vishouse
D:4:      layout_loops_ring
D:5:      layout_loops_ring, nicolae_vehumet_altar_sigil,
          lemuel_coloured_pillars_altar, enter_ossuary_4, serial_demonic,
          serial_demonic_b, serial_demonic_g, serial_demonic_d,
          serial_demonic_d, kennysheep_generic_room_8

Skill      XL: |  1  2  3  4  5  6 |
---------------+-------------------+-----
Polearms       | 5 |  5.8
Axes           | 1 2 4 5 |  5.6
Fighting       | |  2.1
Throwing       | |  2.0
Dodging        | |  4.0

Action                   |  1- 3 |  4- 6 |  7- 9 || total
-------------------------+-------+-------+-------++-------
Melee: Trident           |    87 |       |       ||    87
       War axe           |    21 |   137 |    22 ||   180
Throw: Throwing net      |       |     1 |       ||     1
  Use: Potion            |     2 |     1 |     2 ||     5
 Stab: Sleeping          |     3 |     1 |       ||     4
Armor: Leather armour    |    20 |    26 |     4 ||    50
Dodge: Dodged            |    81 |    90 |    19 ||   190

Table legend: (Time is in decaauts)
 A = Elapsed time spent in this place.
 B = Non-inter-level travel time spent in this place.
 C = Inter-level travel time spent in this place.
 D = Time resting spent in this place.
 E = Time spent auto-exploring this place.
 F = Levels seen in this place.
 G = Mean time per level.
                   A        B        C        D        E       F      G
               +--------+--------+--------+--------+--------+-----+--------+
         Total |   3572 |   3367 |    205 |    353 |   2372 |   5 |  714.4 |
       Dungeon |   3572 |   3367 |    205 |    353 |   2372 |   5 |  714.4 |
               +--------+--------+--------+--------+--------+-----+--------+

Top non-repeatable levels by time:
     D:4: 1056 daAuts
     D:3: 922 daAuts
     D:1: 885 daAuts
     D:2: 688 daAuts
     D:5: 18 daAuts
